 Dungeon Crawl Stone Soup version 0.23.0 (webtiles) character file.

Game seed: 13466875538596436851

1765 LLavrengius the Cleaver (level 9, 0/81 HPs)
             Began as a Hill Orc Fighter on Feb 13, 2019.
             Was a Follower of Makhleb.
             Slain by an orc warrior
             ... wielding a +0 glaive
              (15 damage)
             ... on level 6 of the Dungeon.
             The game lasted 00:15:37 (5574 turns).

LLavrengius the Cleaver (Hill Orc Fighter)          Turns: 5574, Time: 00:15:37

Health: 0/81       AC: 10    Str: 22    XL:     9   Next: 7%
Magic:  12/12      EV:  5    Int:  8    God:    Makhleb [*.....]
Gold:   206        SH:  9    Dex: 10    Spells: 8/8 levels left

rFire    . . .     SeeInvis .   a - +0 war axe
rCold    . . .     Gourm    .   c - +0 shield
rNeg     . . .     Faith    .   z - -1 chain mail (curse)
rPois    .         Spirit   .   (no helmet)
rElec    .         Reflect  .   k - +0 cloak
rCorr    .         Harm     .   p - +0 pair of gloves
MR       .....                  (no boots)
Stlth    ..........             (no amulet)
HPRegen  0.23/turn              (no ring)
MPRegen  0.13/turn              (no ring)

@: no status effects
A: no striking features
a: Renounce Religion


You were on level 6 of the Dungeon.
You worshipped Makhleb.
Makhleb was aware of your devotion.
You were hungry.

You visited 2 branches of the dungeon, and saw 7 of its levels.
You also visited: Sewer.

You collected 206 gold pieces.

Inventory:

Hand Weapons
 a - a +0 war axe (weapon)
Armour
 b - a +0 scale mail
 c - a +0 shield (worn)
 k - a +0 cloak (worn)
 o - a +0 large shield
 p - a +0 pair of gloves (worn)
 z - a cursed -1 chain mail (worn)
Scrolls
 d - a scroll of acquirement {unknown}
 g - 2 scrolls of teleportation
 j - a scroll of noise
 l - a scroll of enchant weapon {unknown}
 m - a scroll of fear
 q - a scroll of amnesia {unknown}
 r - 2 scrolls of remove curse
 w - a scroll of enchant armour {unknown}
 x - a scroll of random uselessness {unknown}
Potions
 e - 2 potions of curing
 h - 2 potions of resistance
 i - 2 potions of heal wounds
 n - 2 potions of lignification
 s - a potion of agility
 t - a potion of degeneration {unknown}
 u - a potion of haste {unknown}
 v - 3 potions of flight
 A - a potion of magic {unknown}
Comestibles
 f - 10 rations


   Skills:
 + Level 8.2 Fighting
 * Level 11.5 Axes
 - Level 3.2 Armour
 - Level 3.2 Shields
 + Level 4.7 Invocations


You had 8 spell levels left.
You didn't know any spells.
Your spell library contained the following spells:

 Spells                   Type           Power        Failure   Level  Hunger
 Beastly Appendage        Tmut           #.....       100%        1    ##.....
 Sticks to Snakes         Tmut           #.......     100%        2    ###....
 Spider Form              Tmut/Pois      #.........   100%        3    ####...
 Ice Form                 Ice/Tmut       #.......     100%        4    #####..
 Blade Hands              Tmut           #.........   100%        5    ######.


Dungeon Overview and Level Annotations

Branches:
Dungeon (6/15)             Temple (1/1) D:4

Altars:
Dithmenos
Fedhas
Gozag
Makhleb
Nemelex Xobeh
Qazlal
Ru
Xom


Message History

You are too injured to fight recklessly!
You are too injured to fight recklessly!
You are too injured to fight recklessly!
The orc warrior hits you with a +0 glaive!
* * * LOW HITPOINT WARNING * * *
Items here: )) [[ † a +0 flail; a +0 leather armour; a +0 hand axe; a +0 leather armour an orc corpse Your shield and chain mail prevent you from hitting the orc warrior.
The orc warrior hits you with a +0 glaive!
* * * LOW HITPOINT WARNING * * *
Your shield and chain mail prevent you from hitting the orc warrior.
The orc warrior hits you from afar with a +0 glaive.
* * * LOW HITPOINT WARNING * * *
Things that are here:
a +0 whip; an orc corpse
Found a stone staircase leading down.
There is a stone staircase leading up here.
The orc warrior hits you from afar with a +0 glaive!
You die...

##.#.#....... .. ##.#
###+###...#. ..##..##
#..... #..... #.....
>...# #..... #..##
#..... . #...## #.....
... ##....#######...##
#...#@.o..............
#....................
#....................
#.............####...##
#.................##.###
##...............###.#..
#........###...........
.........##.....##))...
......#...#.....#).....


You could see an orc warrior.

Vanquished Creatures
  Pikel (D:6)
  4 slaves (D:5)
  2 centaurs
  Blork the orc (D:4)
  A bullfrog (Sewer)
  A scorpion (D:4)
  5 wights (D:6)
  A howler monkey (D:5)
  A bullfrog zombie (D:6)
  4 crimson imps
  A hound (D:6)
  An orc priest (D:6)
  3 iron imps (D:4)
  A centaur skeleton (D:5)
  An iguana (D:5)
  Jessica (D:3)
  4 worker ants
  A hound skeleton (D:6)
  A worker ant zombie (D:5)
  3 gnolls (D:4)
  6 adders
  7 worms
  2 dart slugs
  7 leopard geckos
  4 orcs
  11 giant cockroaches
  7 goblins
  6 hobgoblins
  4 jackals (D:5)
  5 kobolds
  2 quokkas (D:5)
  3 ball pythons
  4 bats
  14 frilled lizards
  5 rats
125 creatures vanquished.

Notes
Turn   | Place    | Note
-------+----------+-------------------------------------------
     0 | D:1      | LLavrengius the Hill Orc Fighter began the quest for the
                  | Orb.
     0 | D:1      | Reached XP level 1. HP: 19/19 MP: 1/1
    50 | D:1      | Reached skill level 3 in Axes
    95 | D:1      | Reached XP level 2. HP: 27/27 MP: 2/2
   525 | D:1      | Reached skill level 4 in Axes
   701 | D:1      | Reached XP level 3. HP: 30/33 MP: 3/3
  1865 | D:3      | Reached XP level 4. HP: 41/41 MP: 4/4
  1946 | D:3      | Found a faded altar of an unknown god.
  1958 | D:3      | Noticed a centaur
  1962 | D:3      | Killed a centaur
  1962 | D:3      | Reached skill level 5 in Axes
  1962 | D:3      | Reached XP level 5. HP: 47/47 MP: 5/5
  1969 | D:3      | Found a stormy altar of Qazlal.
  1971 | D:3      | Noticed a water elemental
  1972 | D:3      | Noticed a fire elemental
  1972 | D:3      | Noticed an air elemental
  2015 | D:3      | Reached skill level 5 in Fighting
  2015 | D:3      | Reached skill level 6 in Axes
  2216 | D:3      | Found a shadowy altar of Dithmenos.
  2267 | D:3      | Noticed Jessica
  2277 | D:3      | Killed Jessica
  2277 | D:3      | Reached XP level 6. HP: 56/56 MP: 6/6
  2290 | D:3      | Found a blossoming altar of Fedhas.
  2612 | D:4      | Reached skill level 7 in Axes
  2690 | D:4      | You fall through a shaft!
  2690 | D:5      | Entered Level 5 of the Dungeon
  2979 | D:5      | Reached skill level 8 in Axes
  2979 | D:5      | Reached XP level 7. HP: 43/63 MP: 7/7
  3088 | D:5      | Found a glowing drain.
  3097 | Sewer    | Entered a sewer
  3627 | D:5      | Found a shimmering altar of Xom.
  3719 | D:4      | Found a sacrificial altar of Ru.
  3720 | D:4      | Found a burning altar of Makhleb.
  3741 | D:4      | Reached skill level 9 in Axes
  3759 | D:4      | Became a worshipper of Makhleb the Destroyer
  3967 | D:4      | Found a staircase to the Ecumenical Temple.
  3992 | Temple   | Entered the Ecumenical Temple
  4596 | D:4      | Noticed Blork the orc
  4613 | D:4      | Killed Blork the orc
  4613 | D:4      | Reached skill level 1 in Invocations
  4613 | D:4      | Reached XP level 8. HP: 39/73 MP: 7/9
  5017 | D:6      | Noticed Pikel
  5356 | D:6      | Killed Pikel
  5356 | D:6      | Reached skill level 10 in Axes
  5369 | D:6      | Reached skill level 11 in Axes
  5420 | D:6      | Reached XP level 9. HP: 64/81 MP: 12/12
  5529 | D:6      | Reached * piety under Makhleb
  5574 | D:6      | Slain by an orc warrior

Skill      XL: |  1  2  3  4  5  6  7  8 |
---------------+-------------------------+-----
Axes           | 3 4 5 6 8 9 11 | 11.5
Fighting       | 4 5 6 7 8 |  8.2
Invocations    | 1 4 |  4.7
Armour         | |  3.2
Shields        | |  3.2

Action                   |  1- 3 |  4- 6 |  7- 9 || total
-------------------------+-------+-------+-------++-------
Melee: War axe           |   126 |   138 |   236 ||   500
  Use: Scroll            |       |    10 |     2 ||    12
       Potion            |       |       |     1 ||     1
  Eat: Chunk             |     2 |     5 |     8 ||    15
Armor: Scale mail        |    61 |    65 |    59 ||   185
       Chain mail        |       |       |    46 ||    46
Dodge: Dodged            |    40 |    42 |    53 ||   135
Block: Shield            |    66 |    63 |    95 ||   224
